 Dungeon Crawl Stone Soup version 0.16.1-2-g95b8d4c (webtiles) character file.

893 Chiseanne the Shield-Bearer (level 8, -3/62 HPs)
             Began as a Formicid Fighter on Mar 25, 2015.
             Slain by Pikel
             ... wielding a +1 whip of freezing
              (4 damage)
             ... on level 5 of the Dungeon.
             The game lasted 00:15:48 (5357 turns).

Chiseanne the Shield-Bearer (Formicid Fighter)      Turns: 5357, Time: 00:15:48

Health: -3/62      AC:  7    Str: 21    XL:     8   Next: 27%
Magic:  11/11      EV:  9    Int:  8    God:
Gold:   232        SH: 12    Dex: 12    Spells: 0 memorised, 7 levels left

rFire  . . .     SeeInvis +     a - +0 war axe
rCold  + . .     Clarity  .     b - +0 scale mail
rNeg   . . .     SustAb   .     c - +1 shield
rPois  .         Gourm    .     (helmet unavailable)
rElec  .         Spirit   .     (no cloak)
rCorr  +         Warding  .     (no gloves)
rMut   .         Stasis   +     (no boots)
MR     .....                    m - amulet of resist corrosion
Stlth  ..........               (no ring)
                                h - ring of protection from cold

@: not resistant to hostile enchantments, extremely unstealthy
A: permanent stasis, dig shafts and tunnels, four strong arms, antennae 3
a: Dig, Shaft Self


You were on level 5 of the Dungeon.
You were very hungry.

You visited 1 branch of the dungeon, and saw 5 of its levels.

You collected 232 gold pieces.

Inventory:

Hand weapons
 a - a +0 war axe (weapon)
Missiles
 e - 19 poisoned needles
 j - 40 sling bullets
 k - 5 needles of slowing
Armour
 b - a +0 scale mail (worn)
 c - a +1 shield (worn)
Jewellery
 h - a ring of protection from cold (left hand)
 m - an amulet of resist corrosion (around neck)
Scrolls
 g - 4 scrolls of remove curse
 i - a scroll of fog
 p - a scroll of identify
Comestibles
 d - 4 bread rations
 f - 4 meat rations
 n - 3 fruits
 o - a beef jerky


   Skills:
 * Level 5.2 Fighting
 * Level 4.7 Axes
 * Level 5.9 Armour
 * Level 7.0 Shields


You had 7 spell levels left.
You didn't know any spells.

Dungeon Overview and Level Annotations

Branches:
Dungeon (5/15)
 Temple: D:4-7

Altars:
Fedhas
Okawaru

Annotations:
D:5 Pikel


Innate Abilities, Weirdness & Mutations

You are under a permanent stasis effect.
You can dig through walls and to a lower floor.
Your four strong arms can wield two-handed weapons with a shield.
You have a pair of large antennae on your head (SInv).


Message History

Pikel is almost dead.
Pikel completely misses you. You block Pikel's attack.
You hit Pikel but do no damage.
Pikel is almost dead.
Pikel hits you with a whip of freezing.
* * * LOW HITPOINT WARNING * * *
You closely miss Pikel.
Pikel is almost dead.
You block Pikel's attack.
You barely miss Pikel.
Pikel is almost dead.
Pikel says, "Who am I kidding?
They'll work you to death!" You block Pikel's attack.
Pikel hits you with a whip of freezing.
* * * LOW HITPOINT WARNING * * *
Pikel freezes you.
* * * LOW HITPOINT WARNING * * *
You hit Pikel.
Pikel is almost dead.
Pikel hits you with a whip of freezing.
You die...

.####. ###.. #..#.# ..... ..
#.... ..... ...####...## ##....
............## #.....
...p..{#....## #...##
#....##p{...# .##....#
#...p#.K## ........ ..
#.....{#@# # #.......
...####.#.pp####. ..##.......
..............##.. #..#.......
........(........## #.........
..........#.......# ##.........
...................###..#.......
..##........................###
#.......................####
##......#..................##


You could see Pikel and a slave.

Vanquished Creatures
  2 phantoms
  2 ogres
  Sigmund (D:3)
  An iguana (D:4)
  5 worker ants
  2 orc priests (D:4)
  2 orc wizards (D:3)
  Jessica (D:3)
  Terence (D:3)
  9 adders
  A worm (D:3)
  An ooze (D:2)
  19 orcs
  9 bats
  2 bat skeletons (D:4)
  8 goblins
  6 hobgoblins
  3 jackals
  11 kobolds
  4 quokkas
  3 ball pythons
  5 giant cockroaches
  3 giant geckos
  8 giant newts
  A giant spore (D:5)
  A jackal zombie (D:5)
  2 quokka skeletons
  11 rats
  2 ballistomycetes (D:5)
126 creatures vanquished.

Notes
Turn   | Place    | Note
--------------------------------------------------------------
     0 | D:1      | Chiseanne, the Formicid Fighter, began the quest for the Orb.
     0 | D:1      | Reached XP level 1. HP: 18/18 MP: 1/1
   441 | D:1      | Reached XP level 2. HP: 24/24 MP: 3/3
   786 | D:1      | Reached skill level 4 in Shields
  1079 | D:2      | Reached XP level 3. HP: 26/29 MP: 4/4
  1454 | D:2      | Found an iron altar of Okawaru.
  1497 | D:2      | Reached XP level 4. HP: 37/37 MP: 5/5
  1898 | D:3      | Found a blossoming altar of Fedhas.
  1937 | D:3      | Noticed Sigmund
  1946 | D:3      | Killed Sigmund
  1946 | D:3      | Reached XP level 5. HP: 29/42 MP: 7/7
  2004 | D:3      | Noticed Terence
  2030 | D:3      | Killed Terence
  2187 | D:3      | Noticed a phantom
  2425 | D:3      | Killed a phantom
  2425 | D:3      | Reached skill level 5 in Shields
  2425 | D:3      | Reached XP level 6. HP: 35/49 MP: 8/8
  2545 | D:3      | Noticed Jessica
  2552 | D:3      | Killed Jessica
  2943 | D:3      | Reached skill level 5 in Armour
  3299 | D:3      | Reached XP level 7. HP: 55/55 MP: 9/9
  3943 | D:4      | Reached skill level 6 in Shields
  4387 | D:4      | Reached skill level 5 in Fighting
  4529 | D:4      | Reached XP level 8. HP: 38/62 MP: 11/11
  4793 | D:5      | Entered Level 5 of the Dungeon
  5048 | D:5      | Reached skill level 7 in Shields
  5307 | D:5      | Noticed Pikel
  5356 | D:5      | HP: 2/62 [Pikel/whip of freezing (6)]
  5357 | D:5      | Slain by Pikel

Action                   |  1- 3 |  4- 6 |  7- 9 || total
-------------------------+-------+-------+-------++-------
Melee: War axe           |    95 |   184 |   261 ||   540
 Abil: Dig               |     5 |    10 |    10 ||    25
  Use: Scroll            |     2 |       |     4 ||     6
       Potion            |       |     5 |     1 ||     6
  Eat: Chunk             |     3 |     6 |     7 ||    16
       Pizza             |       |       |     1 ||     1
